cohdb
Replays
Latest Replays
All Replays
Popular Replays
Top Player Replays
Match Explorer
How It Works
Community
CoH3 Stats
Reddit
Sign in to upload your games and track your stats! →
Sign in with Steam
Match 46743572
Unlisted
Match 46743572
Overview
Messages
Build Orders
End
Engineer Squad
Selects Special Operations Battlegroup
Selects Special Operations Battlegroup
Selects M29 Weasel Recon Vehicle
M29 Weasel Recon Vehicle
Construct Weapon Support Center
M1919 Machine Gun Team
M1919 Machine Gun Team
M1919 Machine Gun Team
Bazooka Squad
Bazooka Squad
Infantry Support Center
Construct Medical Station
Construct Tank Depot
M18 Hellcat Tank Destroyer
Selects P-47 Anti-Infantry Loiter
Selects UNKNOWN (2162291)
P-47 Anti-Infantry Loiter
M4A1 Sherman Whizbang
M18 Hellcat Tank Destroyer
Selects Raiding Flares
Raiding Flares
AI Takeover
whatbliss
anioki
Sky Blues
7sv7jhgu
Obergruppenführer Twan
ONEGOODMAN
Keonis
Kuma
0
0
Comments
sign in to comment!
No comments posted yet!